 Dungeon Crawl Stone Soup version 0.19-a0-1456-gc747e27 (webtiles) character file.

105 PurpleRed the Conjurer (level 4, -3/24 HPs)
             Began as a Deep Elf Conjurer on Sept 6, 2016.
             Killed from afar by an orc wizard (8 damage)
             ... with a puff of frost
             ... on level 5 of the Dungeon.
             The game lasted 00:04:24 (443 turns).

PurpleRed the Conjurer (Deep Elf Conjurer)           Turns: 443, Time: 00:04:24

Health: -3/24      AC:  2    Str:  5    XL:     4   Next: 53%
Magic:  0/12       EV: 13    Int: 21    God:
Gold:   34         SH:  0    Dex: 15    Spells: 2 memorised, 8 levels left

rFire  . . .     SeeInvis .     f - +3 longbow
rCold  . . .     Gourm    +     a - +0 robe
rNeg   . . .     Faith    .     (shield currently unavailable)
rPois  .         Spirit   .     (no helmet)
rElec  .         Dismiss  .     (no cloak)
rCorr  .         Reflect  .     (no gloves)
MR     .....     Harm     .     (no boots)
Stlth  ++........               d - amulet of the gourmand
                                (no ring)
                                (no ring)

@: no status effects
A: no striking features
a: no special abilities


You were on level 5 of the Dungeon.
You were not hungry.

You visited 1 branch of the dungeon, and saw 6 of its levels.

You collected 34 gold pieces.

Inventory:

Hand Weapons
 f - a +3 longbow (weapon)
Missiles
 n - 14 arrows (quivered)
Armour
 a - a +0 robe (worn)
Jewellery
 d - an amulet of the gourmand (around neck)
Potions
 e - 2 potions of might
 i - a potion of agility {unknown}
 o - a potion of beneficial mutation {unknown}
Books
 b - a book of Conjurations

   Spells                             Type                      Level
   a - Magic Dart                     Conjuration                  1
   b - Searing Ray                    Conjuration                  2
   c - Dazzling Spray                 Conjuration/Hexes            3
   d - Fulminant Prism                Conjuration/Hexes            4
   e - Iskenderun's Mystic Blast      Conjuration                  4
   f - Iskenderun's Battlesphere      Conjuration/Charms           5
Comestibles
 c - 3 bread rations
 h - a meat ration


   Skills:
 - Level 2.4 Dodging
 - Level 2.4 Stealth
 + Level 4.3 Spellcasting
 * Level 6.0 Conjurations


You had 8 spell levels left.
You knew the following spells:

 Your Spells              Type           Power        Failure   Level  Hunger
a - Magic Dart            Conj           ####         1%          1    None
b - Searing Ray           Conj           ####..       1%          2    #......


Dungeon Overview and Level Annotations

Branches:
Dungeon (6/15)
 Temple: D:4-7

Altars:
Yredelemnul

Annotations:
D:3 Natasha


Message History

Your Conjurations skill increases to level 6!
The searing ray hits something.
You finish channeling your searing ray.
Casting: Searing Ray
Confirm with . or Enter, or press ? or * to list all spells.
Aiming: Searing Ray
Press: ? - help, Shift-Dir - straight line, f - orc
Aim: an orc, wielding a flail and wearing a leather armour The searing ray hits the orc.
The orc is almost dead.
The searing ray hits the orc.
You kill the orc!
You closely miss something. Something barely misses you. Something hits you.
Firing (i - inventory):
n - 15 arrows (quivered)
Press: ? - help, Shift-Dir - straight line You shoot an arrow.
Something hits you.
* * * LOW HITPOINT WARNING * * *
You hear some strange, mumbled words.
A puff of frost appears from out of thin air!
The puff of frost hits you!
You die...

# ...
######.....
#..@)[)...#
#.####.....
#># ... #.#
.
########.#
.........#
##########


There were no monsters in sight!

Vanquished Creatures
  A giant frog zombie (D:5)
  An orc wizard (D:5)
  Natasha (D:3)
  A dart slug (D:4)
  2 giant geckos
  3 orcs (D:5)
  A hobgoblin (D:1)
  2 quokkas
  2 giant newts
  A rat (D:1)
15 creatures vanquished.

Notes
Turn   | Place    | Note
-------+----------+-------------------------------------------
     0 | D:1      | PurpleRed the Deep Elf Conjurer began the quest for the Orb.
     0 | D:1      | Reached XP level 1. HP: 10/10 MP: 6/6
   180 | D:3      | Reached XP level 2. HP: 15/15 MP: 4/8
   184 | D:3      | Learned a level 2 spell: Searing Ray
   195 | D:3      | Noticed Natasha
   196 | D:3      | Found a basalt altar of Yredelemnul.
   201 | D:3      | Killed Natasha
   201 | D:3      | Reached skill level 5 in Conjurations
   201 | D:3      | Reached XP level 3. HP: 19/19 MP: 3/10
   208 | D:3      | Noticed Natasha
   323 | D:4      | Noticed a scorpion
   344 | D:5      | Entered Level 5 of the Dungeon
   353 | D:5      | Reached XP level 4. HP: 7/24 MP: 7/12
   439 | D:5      | Reached skill level 6 in Conjurations
   443 | D:5      | Killed from afar by an orc wizard

Vault maps used:
D:1:      lightli_molten_gateway, minmay_tromino_i4
D:2:      first_bread
D:3:      old_standard_altar, yredelemnul_altar_generic, uniq_natasha
D:4:      lightli_corner_chamber, uniq_eustachio
D:6:      minitemple, serial_shops, shop_fountains

Skill      XL: |  1  2  3  4 |
---------------+-------------+-----
Conjurations   | 5 6 |  6.0
Spellcasting   | 4 |  4.3
Dodging        | |  2.4
Stealth        | |  2.4

Action                   |  1- 3 |  4- 6 || total
-------------------------+-------+-------++-------
Melee: Longbow           |       |     1 ||     1
 Fire: Longbow           |       |     1 ||     1
 Cast: Magic Dart        |    18 |       ||    18
       Searing Ray       |     3 |     4 ||     7
  Use: Scroll            |       |     7 ||     7
Dodge: Dodged            |     3 |     8 ||    11
